 BcadrenCrawl: Boulder Brew version 0.03.2.1-83-g5d37f8cad5 (webtiles) character file.

Game seed: 9202433487949002770, levelgen mode: deterministic

199 esc the Magician (level 5, 0/41 HPs) Gnoll Noble. Began on Feb 19, 2021. Slain by a crocodile (11 damage) ... on level 2 of the Dungeon. The game lasted 00:03:16 (812 turns).

esc the Magician (Gnoll Noble)                       Turns: 812, Time: 00:03:16

Health: 0/41       AC:  6    Str: 13    XL:     5 ^: 34
Magic:  9/9        EV: 12    Int: 12    God:
Gold:   70         SH:  0    Dex: 19    Spells: 10/10 levels left

rFire    . . .     Vision   +   c - +0 longbow
rCold    . . .     Gourm    .   (also wielding the above weapon)
rNeg     . . .     Faith    .   a - +0 robe
rPois    .         Spirit   .   g - +0 helmet {+Vis}
rElec    .         Reflect  .   e - +0 cloak
rCorr    .         Harm     .   d - +0 pair of gloves {archery}
MR       .....                  f - +0 pair of boots
Stlth    +++.......             (no amulet)
HPRegen  0.23/turn              (no ring)
MPRegen  0.19/turn              (no ring)

@: no status effects
A: distributed training, fangs 1, strong nose
a: no special abilities


You were on level 2 of the Dungeon.
You were not hungry.

You visited 1 branch of the dungeon, and saw 2 of its levels.
You also visited: Market.

You collected 60 gold pieces.
You spent 990 gold pieces at shops.

Inventory:

Weapons
 c - a +0 longbow (weapon)
Armour
 a - a +0 robe (worn)
 d - a +0 pair of gloves of archery (worn)
 e - a +0 cloak (worn)
 f - a +0 pair of boots (worn)
 g - a +0 helmet of improved vision (worn)
Jewellery
 n - an uncursed ring of magical power
Scrolls
 h - a scroll of teleportation
 i - a scroll of fog
Potions
 k - a potion of might
 l - a potion of curing
 o - a potion of cancellation
Comestibles
 b - 4 rations


   Skills:
 + Level 3.0 Fighting
 + Level 1.6 Short Blades
 + Level 1.6 Long Blades
 + Level 1.6 Axes & Hammers
 + Level 1.6 Whips & Flails
 + Level 1.6 Polearms
 + Level 1.6 Maces & Staves
 + Level 1.6 Slings
 + Level 1.6 Bows
 + Level 1.6 Crossbows
   Level 0.0 Throwing
 + Level 1.6 Armour
 + Level 1.6 Dodging
 + Level 2.8 Stealth
 + Level 1.6 Shields
 + Level 1.6 Unarmed Combat
 + Level 3.2 Spellcasting
 + Level 1.3 Hexes
 + Level 1.3 Charms
 + Level 1.3 Summonings
 + Level 1.3 Necromancy
 + Level 1.3 Translocations
 + Level 1.3 Transmutations
 + Level 1.3 Fire Magic
 + Level 1.3 Ice Magic
 + Level 1.3 Air Magic
 + Level 1.3 Earth Magic
 + Level 1.3 Poison Magic
 + Level 1.8 Invocations
 + Level 1.6 Evocations


You had 10 spell levels left.
You didn't know any spells.
Your spell library was empty.

Dungeon Overview and Level Annotations

Branches:
Dungeon (2/8)

Altars:


Innate Abilities, Weirdness & Mutations

Your experience applies equally to all skills.
You have very sharp teeth.
Your uncanny sense of smell can sniff out nearby items.


Message History

You see here a bat corpse.
You enter the shallow water.
Moving in this stuff is going to be slow.
You enter the shallow water.
Moving in this stuff is going to be slow.
A crocodile comes into view.
You see here a potion of mutation.
Aiming:
c - a +0 longbow, Range: 1 (25%)
Press: ? - help, Shift-Dir - straight line, f - crocodile
Aim: a crocodile (healthy (27/27), resting)
You shoot an arrow. The arrow hits the crocodile (3).
The crocodile is lightly wounded. (24/27) HP The crocodile bites you (5).
The crocodile bites you (6). The crocodile bites you (10)!
All of the chunks of flesh in your inventory have rotted away.
The crocodile bites you (10)!
* * * LOW HITPOINT WARNING * * *
As you read the scroll of summoning, it crumbles to dust.
Wisps of shadow whirl around you... The crocodile bites you (11)!
You die...

### ##≈## ≈≈≈≈≈ ##.@≈#
P≈≈≈≈≈ #≈##t######
.P≈≈≈≈≈##≈.#SS≈#.≈#
.#.P≈≈≈≈##.#####!#
..P≈≈≈.#≈.#..≈###
######PP≈≈.≈.#...##########
≈≈≈...PP≈≈≈≈≈.....≈..≈≈≈..≈
≈≈≈≈.P≈≈≈≈≈≈≈≈≈≈≈≈†≈.≈≈≈≈..
≈≈≈≈≈≈≈≈≈≈≈≈≈≈≈†≈≈≈†.≈≈≈≈.≈


You could see a crocodile and 2 friendly ball pythons.

Vanquished Creatures
  A jelly (D:2)
  A giant cockroach (D:1)
  An adder (D:2)
  11 sewer rats
  2 cinder newts (D:1)
  A worm (D:2)
  2 oozes
  2 goblins (D:1)
  6 hobgoblins (D:1)
  A kobold (D:1)
  A ball python (D:2)
  3 bats
  A rat (D:1)
  3 withered plants (D:2)
36 creatures vanquished.

Vanquished Creatures (others)
  49 withered plants (D:2)
49 creatures vanquished.

Grand Total: 85 creatures vanquished

Notes
Turn   | Place    | Note
-------+----------+-------------------------------------------
     0 | Start Ma | esc the Gnoll Noble began the quest for the Orb.
     0 | Start Ma | Reached XP level 1. HP: 17/17 MP: 4/4
     0 | Start Ma | Found Gafacer's Expert Tomes.
     2 | Start Ma | Found Fies's Auxillary Armour.
     6 | Start Ma | Bought a +0 longbow for 180 gold pieces
    13 | Start Ma | Bought a +0 pair of gloves of archery for 230 gold pieces
    18 | Start Ma | Found Gogeif's Mashing MeleeMart.
    39 | Start Ma | Bought a +0 cloak for 135 gold pieces
    59 | Start Ma | Bought a +0 pair of boots for 135 gold pieces
    75 | Start Ma | Bought a +0 helmet of improved vision for 230 gold pieces
    89 | Start Ma | Bought a scroll of teleportation for 48 gold pieces
    89 | Start Ma | Bought a scroll of fog for 32 gold pieces
    98 | D:1      | esc set off with the following items: a +0 robe, a ration,
                  | a +0 longbow, a +0 pair of gloves of archery, a +0 cloak, a
                  | +0 pair of boots, a +0 helmet of improved vision, a scroll
                  | of teleportation, a scroll of fog
   107 | D:1      | Reached XP level 2. HP: 23/23 MP: 5/5
   167 | D:1      | Reached XP level 3. HP: 28/28 MP: 7/7
   314 | D:1      | Reached skill level 1 in Invocations
   400 | D:1      | Reached skill level 1 in Short Blades
   400 | D:1      | Reached skill level 1 in Long Blades
   400 | D:1      | Reached skill level 1 in Axes & Hammers
   400 | D:1      | Reached skill level 1 in Whips & Flails
   400 | D:1      | Reached skill level 1 in Polearms
   400 | D:1      | Reached skill level 1 in Maces & Staves
   400 | D:1      | Reached skill level 1 in Slings
   400 | D:1      | Reached skill level 1 in Bows
   400 | D:1      | Reached skill level 1 in Crossbows
   400 | D:1      | Reached skill level 1 in Armour
   400 | D:1      | Reached skill level 1 in Dodging
   400 | D:1      | Reached skill level 1 in Shields
   400 | D:1      | Reached skill level 1 in Unarmed Combat
   400 | D:1      | Reached skill level 1 in Evocations
   431 | D:1      | Reached XP level 4. HP: 34/34 MP: 8/8
   586 | D:2      | Reached skill level 1 in Hexes
   586 | D:2      | Reached skill level 1 in Charms
   586 | D:2      | Reached skill level 1 in Summonings
   586 | D:2      | Reached skill level 1 in Necromancy
   586 | D:2      | Reached skill level 1 in Translocations
   586 | D:2      | Reached skill level 1 in Transmutations
   586 | D:2      | Reached skill level 1 in Fire Magic
   586 | D:2      | Reached skill level 1 in Ice Magic
   586 | D:2      | Reached skill level 1 in Air Magic
   586 | D:2      | Reached skill level 1 in Earth Magic
   586 | D:2      | Reached skill level 1 in Poison Magic
   636 | D:2      | Reached XP level 5. HP: 40/40 MP: 9/9
   812 | D:2      | Slain by a crocodile

Levels and vault maps discovered:
D:1:      lemuel_arrival_behind_the_door_small, layout_cave_pools, first_ration,
          portal_sewer_entry_d
D:2:      layout_sewer, fedhas_altar_1, chequers_ecumenical_altar_simple_redux,
          lemuel_statue_altar, uniq_duvessa

Skill      XL: |  1  2  3  4  5 |
---------------+----------------+-----
Invocations    | 1 |  1.8
Short Blades   | 1 |  1.6
Long Blades    | 1 |  1.6
Axes & Hammers | 1 |  1.6
Whips & Flails | 1 |  1.6
Polearms       | 1 |  1.6
Maces & Staves | 1 |  1.6
Slings         | 1 |  1.6
Bows           | 1 |  1.6
Crossbows      | 1 |  1.6
Armour         | 1 |  1.6
Dodging        | 1 |  1.6
Shields        | 1 |  1.6
Unarmed Combat | 1 |  1.6
Evocations     | 1 |  1.6
Spellcasting   | 3 |  3.2
Hexes          | 1 |  1.3
Charms         | 1 |  1.3
Summonings     | 1 |  1.3
Necromancy     | 1 |  1.3
Translocations | 1 |  1.3
Transmutations | 1 |  1.3
Fire Magic     | 1 |  1.3
Ice Magic      | 1 |  1.3
Air Magic      | 1 |  1.3
Earth Magic    | 1 |  1.3
Poison Magic   | 1 |  1.3
Fighting       | 3 |  3.0
Stealth        | |  2.8

Action                   |  1- 3 |  4- 6 || total
-------------------------+-------+-------++-------
 Fire: Longbow           |    24 |    55 ||    79
  Use: Scroll            |       |     1 ||     1
Armor: Robe              |     3 |    13 ||    16
Dodge: Dodged            |     4 |    55 ||    59
